 Dungeon Crawl Stone Soup version 0.28.0-53-g5a82cb258f (webtiles) character file.

Game seed: 9652693354152842954

199 safid the Chopper (level 5, -4/46 HPs)
             Began as a Hill Orc Fighter on Aug 7, 2022.
             Was an Initiate of Beogh.
             Slain by an ogre
             ... wielding a +0 giant club
              (20 damage)
             ... on level 4 of the Dungeon.
             The game lasted 00:04:06 (3182 turns).

safid the Chopper (Hill Orc Fighter)                Turns: 3182, Time: 00:04:07

Health: -4/46      AC:  9    Str: 21    XL:     5   Next: 77%
Magic:  5/5        EV:  6    Int:  8    God:    Beogh [......]
Gold:   139        SH:  8    Dex: 10    Spells: 4/4 levels left

rFire   . . .      SeeInvis .   h - +7 mace "Miletuf" {vorpal, rPois}
rCold   . . .      Faith    .   u - +0 kite shield
rNeg    . . .      Spirit   .   f - +0 chain mail
rPois   +          Reflect  .   (no helmet)
rElec   .          Harm     .   (no cloak)
rCorr   +          Rampage  .   (no gloves)
Will    .....                   (no boots)
Stlth   ..........              (no amulet)
HPRegen 0.15/turn               t - ring of resist corrosion
MPRegen 0.09/turn               (no ring)

@: no status effects
A: no striking features
a: Renounce Religion


You were on level 4 of the Dungeon.
You worshipped Beogh.
Beogh was noncommittal.
You visited 1 branch of the dungeon, and saw 4 of its levels.
You also visited: Sewer.

You collected 139 gold pieces.

Inventory:

Hand Weapons
 a - a +0 war axe
 h - the +7 mace "Miletuf" (weapon) {vorpal, rPois}
   (You found it on level 2 of the Dungeon)

   It inflicts extra damage upon your enemies.
   rPois:     It protects you from poison.
Armour
 c - a +0 buckler
 f - a +0 chain mail (worn)
 u - a +0 kite shield (worn)
Jewellery
 l - a ring of fire
 t - a ring of resist corrosion (left hand)
Wands
 j - a wand of paralysis (5)
Scrolls
 e - 3 scrolls of teleportation {unknown}
 g - 4 scrolls of fog {unknown}
 m - 2 scrolls of torment {unknown}
 n - a scroll of summoning {unknown}
 p - 3 scrolls of identify {unknown}
 q - a scroll of enchant armour {unknown}
 r - a scroll of silence {unknown}
 s - a scroll of vulnerability {unknown}
Potions
 b - 3 potions of haste {unknown}
 i - a potion of degeneration {unknown}
 k - a potion of cancellation {unknown}
 o - a potion of curing {unknown}


   Skills:
 - Level 4.0 Fighting
 + Level 6.4 Axes
 - Level 4.0 Armour
 + Level 4.0 Shields


You had 4 spell levels left.
You didn't know any spells.
Your spell library contained the following spells:

 Spells                   Type           Power      Damage    Failure   Level
 Magic Dart               Conj           0%         1d3       100%        1
 Searing Ray              Conj           0%         2d4       100%        2
 Fulminant Prism          Conj/Hex       0%         3d6       100%        4


Dungeon Overview and Level Annotations

Branches:
Dungeon (4/15)              Sewer (visited)
 Temple: D:4-7

Altars:

Shops:
D:4 :


Message History

(D) Dungeon
Where to? (Enter - D:3 @ (x,y), ? - help)
There is a stone staircase leading down here.
You climb downwards.
Reactivating autopickup.
Found 19 stones and a scroll labelled BYVIPIS DEADGH.
There is a stone staircase leading up here.
e - 2 scrolls labelled BYVIPIS DEADGH (gained 1)
You now have 120 gold pieces (gained 11).
Found Kauryst's Book Boutique.
There is an entrance to Kauryst's Book Boutique here.
e - 3 scrolls labelled BYVIPIS DEADGH (gained 1)
You now have 130 gold pieces (gained 10).
You now have 139 gold pieces (gained 9).
Found a stone staircase leading up.
There is a stone staircase leading up here.
An ogre comes into view. It is wielding a +0 giant club.
The ogre shouts!
Unknown command.
An adder comes into view.
The ogre hits you with a +0 giant club!
You barely miss the ogre. The ogre barely misses you.
You completely miss the ogre. The ogre hits you with a +0 giant club!
You are too injured to fight recklessly!
You are too injured to fight recklessly!
You are too injured to fight recklessly!
You hit the ogre but do no damage. The ogre hits you but does no damage.
You sock the ogre!
The ogre is heavily wounded.
The ogre hits you but does no damage.
You sock the ogre!
The ogre is almost dead.
The ogre hits you with a +0 giant club!
You closely miss the ogre.
The ogre is almost dead.
The ogre barely misses you.
You completely miss the ogre.
The ogre is almost dead.
The ogre hits you with a +0 giant club!!
You die...

#.. #..........#
#### #......##....
# #.#.#...#######
## #.........# .##
######..#.#
..################
#..#.#
............<....#
#.<# #
..##############.#
#..# .## #@# #..#
## #O# #..# # #S#
#..# #.. #.(# #..
#..# #... ...#
#.## #.#


You could see an ogre and an adder.

Vanquished Creatures
  A scorpion (D:3)
  A river rat (Sewer)
  7 adders
  3 dart slugs (D:2)
  An orc (D:3)
  2 bats
  6 endoplasms
  A giant cockroach (D:1)
  A goblin (D:1)
  5 hobgoblins
  3 quokkas
  12 ball pythons
  6 frilled lizards
  4 kobolds
  13 rats
66 creatures vanquished.

Vanquished Creatures (others)
  An orc wizard (D:3)
  An orc (D:3)
  2 endoplasms (D:3)
4 creatures vanquished.

Grand Total: 70 creatures vanquished

Notes
Turn   | Place    | Note
-------+----------+-------------------------------------------
     0 | D:1      | safid the Hill Orc Fighter began the quest for the Orb.
     0 | D:1      | Reached XP level 1. HP: 19/19 MP: 1/1
   195 | D:1      | Reached XP level 2. HP: 17/27 MP: 2/2
   197 | D:1      | Reached skill level 3 in Axes
   704 | D:1      | Found a faded altar of an unknown god.
  1072 | D:2      | Reached XP level 3. HP: 27/33 MP: 3/3
  1673 | D:2      | Identified the +7 mace "Miletuf" {vorpal, rPois}
  1816 | D:3      | Noticed a scorpion
  1825 | D:3      | Killed a scorpion
  1826 | D:3      | Reached skill level 5 in Axes
  1826 | D:3      | Reached XP level 4. HP: 25/40 MP: 4/4
  1887 | D:3      | Found a glowing drain.
  1898 | D:3      | Reached XP level 5. HP: 37/46 MP: 5/5
  1906 | Sewer    | Entered a sewer
  2265 | Sewer    | Reached skill level 6 in Axes
  2600 | D:3      | Became a worshipper of Beogh the Brigand
  3078 | D:4      | Found Kauryst's Book Boutique.
  3172 | D:4      | Noticed an ogre
  3182 | D:4      | Slain by an ogre

Illustrated notes

Levels and vault maps discovered:
D:1:      dpeg_arrival_round_b, layout_basic, chequers_ecumenical_altar_lobes
D:2:      layout_basic
D:3:      layout_basic, portal_sewer_entry_b
D:4:      layout_loops_ring, serial_shops, shop,
          hangedman_abyss_or_decor_lesser_grid

Skill      XL: |  1  2  3  4  5 |
---------------+----------------+-----
Axes           | 3 5 6 |  6.4
Fighting       | 4 |  4.0
Armour         | 4 |  4.0
Shields        | 4 |  4.0

Action                   |  1- 3 |  4- 6 || total
-------------------------+-------+-------++-------
Melee: War axe           |    76 |       ||    76
       Mace              |     7 |    94 ||   101
Invok: Convert to Beogh  |       |     1 ||     1
Armor: Scale mail        |    10 |       ||    10
       Chain mail        |    39 |    72 ||   111
Dodge: Dodged            |    20 |    45 ||    65
Block: Buckler           |    17 |    36 ||    53
